 Dungeon Sprint DCSS version 0.30-a0-51-g784eafce7f (webtiles) character file.

Game seed: 6221107561352823720

260 Ankalagon the Insei (level 5, -6/47 HPs)
             Began as a Demigod Transmuter on Sept 5, 2022.
             Mangled by a neqoxec (12 damage)
             ... in the Dungeon (Sprint II: "The Violet Keep of Menkaure").
             The game lasted 00:00:37 (24 turns).

Ankalagon the Insei (Demigod Transmuter)              Turns: 24, Time: 00:00:37

Health: -6/47      AC:  2    Str: 11      XL:     5   Next: 63%
Magic:  8/15       EV: 14    Int: 18 (19) God:
Gold:   0          SH:  0    Dex: 14      Spells: 12/13 levels left

rFire   . . .      SeeInvis .      - Unarmed
rCold   . . .      Faith    .    (no shield)
rNeg    . . .      Spirit   .    a - +0 robe
rPois   .          Reflect  .    (helmet currently unavailable)
rElec   .          Harm     .    (no cloak)
rCorr   .          Rampage  .    (no gloves)
Will    .....      NoTele   +    (boots currently unavailable)
Stlth   +.........               (no amulet)
HPRegen 0.15/turn                (no ring)
MPRegen 0.14/turn                (no ring)

@: appendages, on berserk cooldown, slowed, unable to drink, very slow
A: horns 2, talons 2, high MP 1, forlorn, divine attributes, inability to drink
after injury 1
a: End Transformation


You were in the Dungeon.
You had temporarily grown beastly horns and talons.
You visited 1 branch

Inventory:

Armour
 a - a +0 robe (worn)
Scrolls
 h - a scroll of blinking
Potions
 b - a potion of lignification
 c - a potion of curing
 e - a potion of haste
 f - 2 potions of magic


   Skills:
 + Level 4.5 Fighting
 + Level 4.8 Dodging
 * Level 7.1 Unarmed Combat
 + Level 4.5 Spellcasting
 + Level 4.8 Transmutations


You had 12 spell levels left.
You knew the following spells:

 Your Spells              Type           Power      Damage    Failure   Level
a - Beastly Appendage     Tmut           42%        N/A       1%          1

Your spell library contained the following spells:

 Spells                   Type           Power      Damage    Failure   Level
 Wereblood                Tmut           21%        N/A       3%          2
 Spider Form              Tmut/Pois      12%        N/A       16%         3
 Ice Form                 Ice/Tmut       12%        N/A       45%         4


Dungeon Overview and Level Annotations

Branches:
Dungeon (1/1)


Innate Abilities, Weirdness & Mutations

You have temporarily grown beastly horns and talons.
You have an increased reservoir of magic. (+10% MP)
You shall have no god before yourself.
Your divine heritage dramatically boosts your attributes as you level up.
You occasionally lose the ability to drink potions when taking damage.


Message History

Your Dodging skill increases to level 4!
Your Unarmed Combat skill gained 2 levels and is now at level 7!
Your Spellcasting skill increases to level 4!
Your Transmutations skill increases to level 4!
You have reached level 5!
The neqoxec hits you. The neqoxec hits you!
There is an open door here.
You closely miss the neqoxec. Your kick misses the neqoxec.
The neqoxec gestures at you.
You feel dopey. Something feeds on your intellect!
The neqoxec completely misses you.
You punch the neqoxec! You claw the neqoxec!
The neqoxec is heavily wounded.
You punch the neqoxec! Your kick misses the neqoxec.
Your headbutt misses the neqoxec.
The neqoxec is severely wounded.
You are no longer berserk.
You are exhausted.
You feel yourself slow down. The neqoxec hits you!
The neqoxec closely misses you.
You closely miss the neqoxec. You headbutt the neqoxec.
The neqoxec is severely wounded.
The neqoxec hits you. The neqoxec closely misses you.
You feel much better.
Your horns disappear.
Your talons disappear.
The neqoxec completely misses you.
The neqoxec hits you but does no damage.
The neqoxec hits you! The neqoxec barely misses you.
The neqoxec attacks as you move away! The neqoxec hits you!
You feel threatened and lose the ability to drink potions!
* * * LOW HITPOINT WARNING * * *
Casting: Beastly Appendage (safe; 1% risk of failure)
Confirm with . or Enter, or press ? or * to list all spells.
You grow a pair of large bovine horns.
Your feet morph into talons.
You can drink potions again.
The neqoxec hits you!
You feel threatened and lose the ability to drink potions!
* * * LOW HITPOINT WARNING * * *
The neqoxec hits you!
You die...

## ###
#.##..#
#.3.#
#3#
##@##
+.<.+
##.##
#+#


You could see 2 neqoxecs.

Vanquished Creatures
  2 neqoxecs (D)
2 creatures vanquished.

Notes
Turn   | Place    | Note
-------+----------+-------------------------------------------
     0 | D        | Ankalagon the Demigod Transmuter began the quest for the
                  | Orb.
     0 | D        | Reached XP level 1. HP: 15/15 MP: 5/5
     1 | D        | Noticed a neqoxec
     1 | D        | Noticed a neqoxec
     1 | D        | Noticed a neqoxec
     1 | D        | Noticed a neqoxec
     1 | D        | Gained mutation: You occasionally lose the ability to drink
                  | potions when taking damage. [a neqoxec]
    11 | D        | Killed a neqoxec
    12 | D        | Reached skill level 5 in Unarmed Combat
    12 | D        | Reached XP level 2. HP: 26/26 MP: 5/9
    12 | D        | Reached XP level 3. HP: 31/31 MP: 5/10
    12 | D        | Reached XP level 4. HP: 38/38 MP: 6/12
    16 | D        | Killed a neqoxec
    17 | D        | Reached skill level 7 in Unarmed Combat
    17 | D        | Reached XP level 5. HP: 47/47 MP: 8/15
    24 | D        | Mangled by a neqoxec

Illustrated notes

Levels and vault maps discovered:
D:        the_violet_keep_of_menkaure [sprint2_stairs_cluster_1,
          sprint2_shoproom, sprint2_temple, sprint2_basic_supplies,
          sprint2_obstacle_6, sprint2_obstacle_1, sprint2_obstacle_3,
          sprint2_obstacle_7, sprint2_obstacle_4, sprint2_timed_cluster_1,
          sprint2_smallroom_cluster_1, sprint2_smallroom_final_cluster_1,
          sprint2_transparent_cluster_1, sprint2_second_timed_cluster_1,
          sprint2_sniper_area_1, sprint2_heavy_combat_area_1,
          sprint2_mutation_trap_area_1, sprint2_forest_area_1,
          sprint2_light_combat_area_1, sprint2_behind_water_1,
          sprint2_near_end_vault_1]

Skill      XL: |  1  2  3  4 |
---------------+-------------+-----
Fighting       | 3 4 |  4.5
Dodging        | 3 4 |  4.8
Unarmed Combat | 5 7 |  7.1
Spellcasting   | 3 4 |  4.5
Transmutations | 3 4 |  4.8

Action                   |  1- 3 |  4- 6 || total
-------------------------+-------+-------++-------
Melee: Unarmed           |     8 |     8 ||    16
       Kick              |     2 |     3 ||     5
       Headbutt          |     1 |     1 ||     2
 Cast: Beastly Appendage |     1 |     1 ||     2
  Use: Potion            |     1 |     1 ||     2
Armor: Robe              |       |     1 ||     1
Dodge: Dodged            |     4 |     5 ||     9

Table legend: (Time is in decaauts)
 A = Elapsed time spent in this place.
 B = Non-inter-level travel time spent in this place.
 C = Inter-level travel time spent in this place.
 D = Time resting spent in this place.
 E = Time spent auto-exploring this place.
 F = Levels seen in this place.
 G = Mean time per level.
                   A        B        C        D        E       F      G
               +--------+--------+--------+--------+--------+-----+--------+
         Total |     18 |     18 |      0 |      0 |      0 |   1 |   18.0 |
       Dungeon |     18 |     18 |      0 |      0 |      0 |   1 |   18.0 |
               +--------+--------+--------+--------+--------+-----+--------+

Top non-repeatable levels by time:
       D: 18 daAuts
